 Dungeon Crawl Stone Soup version 0.29-a0-609-gb56f46d856 (webtiles) character file.

Game seed: 3783078671779101420

40206 Bruhh the Frost Mage (level 14, -3/165 (166) HPs)
             Began as a Gnoll Ice Elementalist on June 16, 2022.
             Was a Priest of Ashenzari.
             Slain by a polar bear (9 damage)
             ... on level 6 of the Lair of Beasts.
             The game lasted 00:42:17 (19135 turns).

Bruhh the Frost Mage (Gnoll Ice Elementalist)      Turns: 19135, Time: 00:42:17

HP:   -3/165 (166)  AC: 30    Str:  8    XL:     14   Next: 10%
MP:   29/30         EV:  2    Int: 19    God:    Ashenzari [***...]
Gold: 937           SH: 12    Dex: 13    Spells: 18/37 levels left

rFire   . . .      SeeInvis +   l - +9 double sword (flame)
rCold   + + .      Faith    .   j - +1 kite shield {AC+3}
rNeg    . . .      Spirit   .   (body armour currently unavailable)
rPois   +          Reflect  .   (helmet currently unavailable)
rElec   .          Harm     .   (cloak currently unavailable)
rCorr   +          Rampage  .   (gloves currently unavailable)
Will    ++...      Clarity  +   (boots currently unavailable)
Stlth   ++++...... NoTele   +   U - amulet "Ensconced With Me" {Acrobat Contam Will+ rCorr, Self, Elem} (curse)
HPRegen 0.37/turn               r - ring "Restrained Together" {rC+, Melee, Elem} (curse)
MPRegen 0.22/turn               T - ring of protection from cold

@: tree-form, slowed, studying Short Blades, lightly drained, invisible, very
slow
A: stationary, stasis, torment immunity, boosted hp, (fangs 1), strong nose,
distributed training
a: Renounce Religion, Curse Item, Shatter the Chains


You were on level 6 of the Lair of Beasts.
You worshipped Ashenzari.
Ashenzari was most pleased with you.
You were a tree.
You visited 3 branches of the dungeon, and saw 18 of its levels.

You collected 953 gold pieces.
You spent 16 gold pieces at shops.

Inventory:

Hand Weapons
 l - a +9 double sword of flaming (weapon)
Armour
 a - the +1 ring mail "Mymnuixt" {*Corrode rC+ Int+3 Slay+2}
   (You found it on level 11 of the Dungeon)

   Int:       It affects your intelligence (+3).
   Slay:      It affects your accuracy & damage with ranged weapons and melee
   (+2).
   rC:        It protects you from cold.
   *Corrode:  It may corrode you when you take damage.
 i - the cursed +0 cloak of Ashenzari's Planets (melded) {Fort, Bglg}
   (You found it on level 1 of the Dungeon)

   It has a curse which improves the following skills: Fortitude: Armour and
   Shields.
   Beguiling: Conjurations, Hexes and Translocations.
 j - a +1 kite shield of protection (worn)
 H - the cursed +0 helmet of Panopticon (melded) {Comp, Melee}
   (You found it on level 6 of the Dungeon)

   It has a curse which improves the following skills: Companions: Summonings
   and Necromancy.
   Melee Combat: Short Blades, Long Blades, Axes, Maces & Flails, Polearms,
   Staves and Unarmed Combat.
 V - the cursed +0 troll leather armour of Ashenzari's Failure (melded) {Regen+, Fort, Cun}
   (You found it on level 10 of the Dungeon)

   Regen:     It increases your rate of health regeneration.
   It has a curse which improves the following skills: Fortitude: Armour and
   Shields.
   Cunning:   Dodging and Stealth.
Jewellery
 r - the cursed ring "Restrained Together" (left branch) {rC+, Melee, Elem}
   (You found it on level 2 of the Dungeon)

   [ring of protection from cold]

   rC:        It protects you from cold.
   It has a curse which improves the following skills: Melee Combat: Short
   Blades, Long Blades, Axes, Maces & Flails, Polearms, Staves and Unarmed
   Combat.
   Elements:  Fire Magic, Ice Magic, Air Magic and Earth Magic.
 T - a ring of protection from cold (right branch)
 U - the cursed amulet "Ensconced With Me" (around neck) {Acrobat Contam Will+ rCorr, Self, Elem}
   (You took it off a wight on level 9 of the Dungeon)

   [amulet of the acrobat]

   It increases your evasion while moving and waiting.
   Contam:    It causes magical contamination when unequipped.
   rCorr:     It protects you from acid and corrosion.
   Will:      It increases your willpower.
   It has a curse which improves the following skills: Introspection: Fighting
   and Spellcasting.
   Elements:  Fire Magic, Ice Magic, Air Magic and Earth Magic.
Wands
 k - a wand of flame (13)
 M - a wand of iceblast (3)
 N - a wand of paralysis (21)
Scrolls
 d - 7 scrolls of poison
 e - 6 scrolls of fog
 h - 3 scrolls of blinking
 q - 5 scrolls of teleportation
 s - 2 scrolls of summoning
 z - 3 scrolls of vulnerability
 E - 4 scrolls of magic mapping
 G - 4 scrolls of enchant armour
 P - 2 scrolls of amnesia
 Q - 2 scrolls of immolation
Potions
 b - 4 potions of curing
 f - 3 potions of resistance
 g - 4 potions of might
 n - 2 potions of invisibility
 o - 9 potions of flight
 p - a potion of berserk rage
 t - 2 potions of cancellation
 u - 2 potions of haste
 x - a potion of lignification
 D - 2 potions of ambrosia
 I - 3 potions of attraction
 L - a potion of magic
 O - 2 potions of mutation
 S - 2 potions of brilliance
Miscellaneous
 c - a condenser vane
 m - a phantom mirror (inert)


   Skills:
 + Level 9.0(10.7) Fighting
 + Level 9.1(10.7) Short Blades
 + Level 9.0(10.7) Long Blades
 + Level 9.0(10.7) Axes
 + Level 9.0(10.7) Maces & Flails
 + Level 9.0(10.7) Polearms
 + Level 9.0(10.7) Staves
 + Level 9.0 Slings
 + Level 9.0 Bows
 + Level 9.0 Crossbows
 + Level 9.0 Throwing
 + Level 9.0 Armour
 + Level 10.2 Dodging
 + Level 10.0 Stealth
 + Level 9.0 Shields
 + Level 9.0(10.7) Unarmed Combat
 + Level 10.4(12.0) Spellcasting
 + Level 7.5 Conjurations
 + Level 7.5 Hexes
 + Level 7.5 Summonings
 + Level 7.5 Necromancy
 + Level 7.5 Translocations
 + Level 7.5 Transmutations
 + Level 7.5(10.0) Fire Magic
 + Level 10.4(12.8) Ice Magic
 + Level 7.5(10.0) Air Magic
 + Level 7.5(10.0) Earth Magic
 + Level 7.5 Poison Magic
 + Level 9.9 Invocations
 + Level 9.0 Evocations


You had 18 spell levels left.
You knew the following spells:

 Your Spells              Type           Power      Damage    Failure   Level
a - Freeze                Ice            100%       1d11      1%          1
b - Frozen Ramparts       Ice            100%       1d12      1%          3
c - Ozocubu's Armour      Ice            57%        N/A       1%          3
d - Sandblast             Erth           98%        2d20      1%          1
e - Ice Form              Ice/Tmut       50%        N/A       2%          4
f - Lesser Beckoning      Tloc           40%        N/A       1%          3
g - Anguish               Hex/Necr       20%        N/A       6%          4

Your spell library contained the following spells:

 Spells                   Type           Power      Damage    Failure   Level
 Slow                     Hex            100%       N/A       1%          1
 Ensorcelled Hibernation  Hex/Ice        100%       N/A       1%          2
 Passwall                 Tmut/Erth      36%        N/A       1%          2
 Static Discharge         Conj/Air       44%        N/A       1%          2
 Confusing Touch          Hex            40%        N/A       1%          3
 Dazzling Flash           Conj/Hex       80%        N/A       1%          3
 Gell's Gravitas          Tloc           40%        N/A       1%          3
 Spider Form              Tmut/Pois      40%        N/A       1%          3
 Swiftness                Air            49%        N/A       1%          3
 Teleport Other           Tloc           40%        N/A       1%          3
 Tukima's Dance           Hex            40%        N/A       1%          3
 Vampiric Draining        Necr           40%        2d8       1%          3
 Hailstorm                Conj/Ice       50%        3d11      2%          4
 Summon Ice Beast         Ice/Summ       50%        N/A       2%          4
 Sticky Flame             Conj/Fire      44%        2d6       3%          4
 Dispel Undead            Necr           40%        3d16      6%          4
 Passage of Golubria      Tloc           40%        N/A       6%          4
 Silence                  Hex/Air        22%        N/A       11%         5
 Agony                    Necr           40%        N/A       19%         5
 Yara's Violent Unravell  Hex/Tmut       20%        3d9       19%         5
 Dispersal                Tloc           20%        N/A       69%         6


Dungeon Overview and Level Annotations

Branches:
Dungeon (11/15)            Temple (1/1) D:4            Lair (6/6) D:11
 Shoals (0/4) Lair:4       Spider (0/4) Lair:3        Slime (0/5) Lair:5
    Orc (0/2) D:11

Altars:
Ashenzari
Cheibriados
Dithmenos
Elyvilon
Fedhas
Gozag
Hepliaklqana
Kikubaaqudgha
Makhleb
Nemelex Xobeh
Okawaru
Qazlal
Ru
Sif Muna
Trog
Uskayaw
Vehumet
Wu Jian
Xom
Yredelemnul
Zin
The Shining One
Beogh

Shops:
D:1 [*(   D:4 *   D:5 *   D:6 ((

Annotations:
Lair:4 2 transporters, CrazyBamboolord's ghost, journeyman KoFi


Innate Abilities, Weirdness & Mutations

You are a tree.
Your roots penetrate the ground, keeping you stationary.
You cannot be teleported.
You are immune to unholy pain and torment.
Your maximum health is greatly increased.
Your equipment is partially melded.
((You have very sharp teeth.))
Your uncanny sense of smell can sniff out nearby items.
Your experience applies equally to all skills.


Message History

The polar bear bites you but does no damage.
The polar bear claws you but does no damage.
You block the polar bear's attack. The wraith hits you but does no damage.
You block the wraith's attack. The wraith hits you but does no damage.
Unknown command.
You slice the wraith!! You burn the wraith.
You destroy the wraith!
Your hearing returns.
The polar bear bites you.
* * * LOW HITPOINT WARNING * * *
The polar bear claws you but does no damage. x2
You block the wraith's attack. The wraith barely misses you.
The wraith hits you!
* * * LOW HITPOINT WARNING * * *
The wraith hits you but does no damage. You block the polar bear's attack. x2
The polar bear claws you but does no damage.
You feel better.
The wolf howls!
You hear a howl!
The wolf barely misses you. x2; You block the polar bear's attack.
The polar bear claws you but does no damage. x2
You block the wraith's attack. The wraith hits you but does no damage.
A wolf comes into view.
The wolf bites you but does no damage.
You fade into invisibility!
You block the wolf's attack. The wolf bites you but does no damage.
The wolf pauses to sniff the ground.
You block the wolf's attack. The polar bear bites you!
* * * LOW HITPOINT WARNING * * *
The polar bear barely misses you.
The polar bear claws you but does no damage.
The wraith hits you but does no damage. The wraith hits you.
* * * LOW HITPOINT WARNING * * *
The wraith drains your vigour!
You feel as though you will be slow longer.
The wolf bites you but does no damage. x2; The wraith hits you.
* * * LOW HITPOINT WARNING * * *
The wraith drains your vigour!
You feel as though you will be slow longer.
You block the wraith's attack. The polar bear bites you!
You die...

*## ###* *
##.##.P##
##........
#P.......#
#.hh......
#♣h.....#*
,#WWh$.... *
.h......P
##.........
P........P#
#..h...!..##
###.........
#P.........#
#..........#


You could see a polar bear (can't see you), 2 wraiths and 5 wolves.

Vanquished Creatures
  Kirke (Lair:5)
  The ghost of Zoraivy the Severer, a journeyman DDFi of Elyvilon (Lair:5)
  Josephine (Lair:6)
  Fannar (Lair:3)
  The ghost of Vuiwum the Convoker, a journeyman TeSu of Hepliaklqana (Lair:5)
  3 hydras
  A catoblepas (D:9)
  A two-headed ogre (D:11)
  3 death yaks (Lair:4)
  Urug (Lair:1)
  2 oklob plants (Lair:5)
  An ugly thing (D:11)
  A merfolk siren (Lair:4)
  12 elephants
  A gargoyle (D:7)
  12 cane toads
  An unseen horror (D:6)
  3 rime drakes
  9 komodo dragons
  A hornet (D:9)
  A polar bear (Lair:2)
  2 trolls
  12 blink frogs
  5 dream sheep
  A jumping spider (Lair:3)
  8 wyverns
  A vampire (D:11)
  5 wraiths
  21 yaks
  A hog (Lair:5)
  3 redbacks (Lair:3)
  3 vampire mosquitoes (D:7)
  A basilisk (Lair:5)
  3 steam dragons
  2 acid dragons
  Edmund (D:5)
  15 water moccasins
  3 black bears
  A sky beast (D:7)
  An ogre (D:5)
  9 centaurs
  8 wolves
  4 kobold brigands
  2 necrophages (D:7)
  13 bullfrogs
  A gnoll sergeant (D:4)
  5 wights (D:9)
  11 killer bees
  2 howler monkeys
  5 orc priests
  2 hounds
  2 jellies
  2 iguanas
  14 orc wizards
  3 gnolls (D:4)
  8 adders
  A shadow imp (D:6)
  A white imp (D:6)
  An ufetubus (D:5)
  3 worms (D:2)
  A dart slug (D:4)
  43 orcs
  2 bats (D:2)
  8 endoplasms
  5 giant cockroaches
  6 goblins
  8 hobgoblins
  3 jackals (D:3)
  23 kobolds
  4 quokkas
  9 ball pythons
  5 frilled lizards
  7 rats
368 creatures vanquished.

Vanquished Creatures (others)
  A hydra (Lair:4)
  A cane toad (Lair:3)
  3 humans (Lair:6)
  A redback (Lair:3)
  23 fungi
  19 plants
48 creatures vanquished.

Grand Total: 416 creatures vanquished

Notes
Turn   | Place    | Note
-------+----------+-------------------------------------------
     0 | D:1      | Bruhh the Gnoll Ice Elementalist began the quest for the
                  | Orb.
     0 | D:1      | Reached XP level 1. HP: 13/13 MP: 6/6
   181 | D:1      | Reached XP level 2. HP: 19/19 MP: 4/7
   577 | D:1      | Found Zoleuff's Armour Boutique.
   669 | D:1      | Reached XP level 3. HP: 24/25 MP: 6/9
   757 | D:1      | Found Muob's General Store.
   825 | D:1      | Found Tajaff's Weapon Shop.
   842 | D:1      | Reached skill level 5 in Spellcasting
  1047 | D:1      | Learned a level 3 spell: Frozen Ramparts
  1051 | D:1      | Learned a level 3 spell: Ozocubu's Armour
  1060 | D:2      | Reached skill level 1 in Invocations
  1081 | D:1      | Reached skill level 1 in Fighting
  1081 | D:1      | Reached skill level 1 in Short Blades
  1081 | D:1      | Reached skill level 1 in Long Blades
  1081 | D:1      | Reached skill level 1 in Axes
  1081 | D:1      | Reached skill level 1 in Maces & Flails
  1081 | D:1      | Reached skill level 1 in Polearms
  1081 | D:1      | Reached skill level 1 in Staves
  1081 | D:1      | Reached skill level 1 in Slings
  1081 | D:1      | Reached skill level 1 in Bows
  1081 | D:1      | Reached skill level 1 in Crossbows
  1081 | D:1      | Reached skill level 1 in Throwing
  1081 | D:1      | Reached skill level 1 in Armour
  1081 | D:1      | Reached skill level 1 in Shields
  1081 | D:1      | Reached skill level 1 in Unarmed Combat
  1081 | D:1      | Reached skill level 1 in Evocations
  1410 | D:2      | Reached XP level 4. HP: 20/32 MP: 9/11
  1506 | D:2      | Reached skill level 1 in Conjurations
  1506 | D:2      | Reached skill level 1 in Hexes
  1506 | D:2      | Reached skill level 1 in Summonings
  1506 | D:2      | Reached skill level 1 in Necromancy
  1506 | D:2      | Reached skill level 1 in Translocations
  1506 | D:2      | Reached skill level 1 in Transmutations
  1506 | D:2      | Reached skill level 1 in Fire Magic
  1506 | D:2      | Reached skill level 1 in Air Magic
  1506 | D:2      | Reached skill level 1 in Earth Magic
  1506 | D:2      | Reached skill level 1 in Poison Magic
  2075 | D:3      | Identified the +1 chain mail "Visourela" {Will++ Int+3}
  2095 | D:3      | Reached XP level 5. HP: 34/37 MP: 9/12
  2095 | D:3      | Found a faded altar of an unknown god.
  2151 | D:3      | Got Plato's Guide on the Mountains
  2555 | D:3      | Found a burning altar of Makhleb.
  2580 | D:3      | Found a basalt altar of Yredelemnul.
  2582 | D:3      | Found a shimmering blue altar of Sif Muna.
  3122 | D:4      | Found Moreydir's Neck Hole.
  3136 | D:4      | Reached XP level 6. HP: 11/44 MP: 7/14
  3481 | D:4      | Reached skill level 5 in Dodging
  3695 | D:4      | Found a staircase to the Ecumenical Temple.
  3704 | Temple   | Entered the Ecumenical Temple
  3912 | Temple   | Became a worshipper of Ashenzari the Shackled
  4024 | D:4      | Noticed a black bear
  4031 | D:4      | Killed a black bear
  4032 | D:4      | Reached XP level 7. HP: 46/50 MP: 8/15
  4206 | D:5      | Entered Level 5 of the Dungeon
  5049 | D:5      | Found Vuarph's CLEARANCE SALE!.
  5053 | D:5      | Bought a scroll of teleportation for 6 gold pieces
  5053 | D:5      | Bought a scroll of identify for 4 gold pieces
  5053 | D:5      | Bought a scroll of teleportation for 6 gold pieces
  5079 | D:5      | Noticed Edmund
  5097 | D:5      | Killed Edmund
  5098 | D:5      | Reached skill level 5 in Stealth
  5673 | D:6      | Found Oruqeuk's Antique Weapon Shoppe.
  5708 | D:6      | Reached skill level 5 in Fighting
  5708 | D:6      | Reached skill level 5 in Short Blades
  5708 | D:6      | Reached skill level 5 in Long Blades
  5708 | D:6      | Reached skill level 5 in Axes
  5708 | D:6      | Reached skill level 5 in Maces & Flails
  5708 | D:6      | Reached skill level 5 in Polearms
  5708 | D:6      | Reached skill level 5 in Staves
  5708 | D:6      | Reached skill level 5 in Slings
  5708 | D:6      | Reached skill level 5 in Bows
  5708 | D:6      | Reached skill level 5 in Crossbows
  5708 | D:6      | Reached skill level 5 in Throwing
  5708 | D:6      | Reached skill level 5 in Armour
  5708 | D:6      | Reached skill level 5 in Shields
  5708 | D:6      | Reached skill level 5 in Unarmed Combat
  5708 | D:6      | Reached skill level 5 in Invocations
  5708 | D:6      | Reached skill level 5 in Evocations
  5708 | D:6      | Reached XP level 8. HP: 22/62 MP: 16/19
  5709 | D:6      | Killed an unseen horror
  5710 | D:6      | Reached XP level 9. HP: 43/68 MP: 20/20
  5934 | D:6      | Found Arakhluts's Weapon Emporium.
  6015 | D:6      | Found a white marble altar of Elyvilon.
  6431 | D:7      | Noticed a gargoyle
  6441 | D:7      | Killed a gargoyle
  6982 | D:7      | Found a glowing golden altar of the Shining One.
  6986 | D:7      | Reached * piety under Ashenzari
  6991 | D:7      | Found an opulent altar of Gozag.
  7192 | D:7      | Reached XP level 10. HP: 76/76 MP: 15/21
  7456 | D:8      | Learned a level 1 spell: Sandblast
  7461 | D:8      | Learned a level 4 spell: Ice Form
  7658 | D:8      | Identified the cursed +3 dagger of Cremastomancy {Elem,
                  | Comp} (You took it off a kobold on level 1 of the Dungeon)
  7658 | D:8      | Identified the cursed +0 helmet of Panopticon {Comp, Melee}
                  | (You found it on level 6 of the Dungeon)
  7800 | D:8      | Learned a level 3 spell: Lesser Beckoning
  7832 | D:8      | Found a stormy altar of Qazlal.
  7965 | D:8      | Reached ** piety under Ashenzari
  8023 | D:8      | Noticed a five-headed hydra
  8032 | D:8      | Killed a five-headed hydra
  8033 | D:8      | Reached skill level 5 in Conjurations
  8033 | D:8      | Reached skill level 5 in Hexes
  8033 | D:8      | Reached skill level 5 in Summonings
  8033 | D:8      | Reached skill level 5 in Necromancy
  8033 | D:8      | Reached skill level 5 in Translocations
  8033 | D:8      | Reached skill level 5 in Transmutations
  8033 | D:8      | Reached skill level 5 in Fire Magic
  8033 | D:8      | Reached skill level 5 in Air Magic
  8033 | D:8      | Reached skill level 5 in Earth Magic
  8033 | D:8      | Reached skill level 5 in Poison Magic
  8093 | D:8      | Identified the cursed +0 steam dragon scales "Restrained
                  | Sorrow" {Bglg, Elem} (You found it on level 6 of the
                  | Dungeon)
  8336 | D:8      | Found a snail-covered altar of Cheibriados.
  8887 | D:8      | Identified the cursed +0 cloak of Ashenzari's Planets
                  | {Fort, Bglg} (You found it on level 1 of the Dungeon)
  8890 | D:9      | Noticed a catoblepas
  9162 | D:9      | Found a hide-covered altar of Uskayaw.
  9263 | D:9      | Identified the amulet "Ziryroch" {Acrobat Contam Will+
                  | rCorr}
  9535 | D:9      | Found an ancient bone altar of Kikubaaqudgha.
  9540 | D:9      | Found an ornate altar of the Wu Jian Council.
  9608 | D:9      | Reached XP level 11. HP: 41/79 MP: 14/23
  9615 | D:9      | Killed a catoblepas
  9858 | D:10     | Entered Level 10 of the Dungeon
 10795 | D:10     | Found a radiant altar of Vehumet.
 10886 | D:10     | Reached *** piety under Ashenzari
 10948 | D:11     | Noticed an eight-headed hydra
 10955 | D:11     | Noticed a white ugly thing
 10958 | D:11     | Killed an eight-headed hydra
 10970 | D:11     | Killed a white ugly thing
 11261 | D:11     | Found a staircase to the Orcish Mines.
 11263 | D:11     | Noticed a two-headed ogre
 11285 | D:11     | Killed a two-headed ogre
 11729 | D:11     | Identified the +1 ring mail "Mymnuixt" {*Corrode rC+ Int+3
                  | Slay+2}
 11854 | D:11     | Reached **** piety under Ashenzari
 12026 | D:11     | Identified the cursed +0 kite shield of Ashenzari's Moon
                  | {Cun, Alch} (You took it off a gnoll sergeant on level 4 of
                  | the Dungeon)
 12150 | D:11     | Found a staircase to the Lair.
 12289 | Lair:1   | Entered Level 1 of the Lair of Beasts
 12588 | Lair:1   | Reached XP level 12. HP: 40/91 MP: 11/24
 12904 | Lair:1   | Noticed Urug
 12911 | Lair:1   | Killed Urug
 14984 | Lair:3   | Noticed Fannar
 15141 | Lair:3   | Killed Fannar
 15220 | Lair:3   | Identified a scroll of acquirement
 15243 | Lair:3   | Acquired a +1 kite shield of protection
 15298 | Lair:3   | Learned a level 4 spell: Anguish
 15332 | Lair:3   | Reached XP level 13. HP: 98/98 MP: 26/26
 15662 | Lair:3   | Found a hole to the Spider Nest.
 16201 | Lair:3   | Reached skill level 10 in Ice Magic
 16645 | Lair:4   | Found a transporter.
 16649 | Lair:4   | Found a transporter.
 16650 | Lair:4   | Noticed CrazyBamboolord's ghost (journeyman KoFi)
 16705 | Lair:4   | Found a staircase to the Shoals.
 17190 | Lair:4   | Reached skill level 10 in Spellcasting
 17723 | Lair:5   | Found a staircase to the Slime Pits.
 17915 | Lair:5   | Found a runed translucent gate.
 17916 | Lair:5   | Found a runed translucent gate.
 17917 | Lair:5   | Found a runed translucent gate.
 17985 | Lair:5   | Noticed Zoraivy's ghost (journeyman DDFi)
 17986 | Lair:5   | Noticed Vuiwum's ghost (journeyman TeSu)
 18091 | Lair:5   | Reached skill level 10 in Dodging
 18602 | Lair:6   | Entered Level 6 of the Lair of Beasts
 18604 | Lair:6   | Noticed Josephine
 18666 | Lair:6   | Noticed Kirke
 18729 | Lair:5   | Identified the cursed +0 troll leather armour of
                  | Ashenzari's Failure {Regen+, Fort, Cun} (You found it on
                  | level 10 of the Dungeon)
 18729 | Lair:5   | Identified the cursed ring "Restrained Together" {rC+,
                  | Melee, Elem} (You found it on level 2 of the Dungeon)
 18786 | Lair:5   | Killed Kirke
 18914 | Lair:5   | Killed Vuiwum's ghost
 18915 | Lair:5   | Reached XP level 14. HP: 104/111 MP: 29/29
 18962 | Lair:5   | Killed Zoraivy's ghost
 18963 | Lair:5   | Reached skill level 10 in Stealth
 19128 | Lair:6   | Killed Josephine
 19135 | Lair:6   | HP: 6/165 [wraith[Josephine] (5)]
 19135 | Lair:6   | Slain by a polar bear

Illustrated notes

Levels and vault maps discovered:
D:1:      minmay_arrival_wavy_path, layout_basic, serial_shops,
          nicolae_shop_advertising_works [nicolae_subvault_shop_adworks],
          nicolae_shop_trees, shop, eino_curves_02
D:2:      layout_rooms
D:3:      layout_basic, bloody_makhleb, grunt_temple_overflow_open,
          shapermc_ecumenical_altar_rom_forum
D:4:      layout_basic, temple_green, nicolae_shop_sticking_my_neck_out
D:5:      layout_basic, serial_rivers, chequers_serial_rivers_small_a,
          chequers_serial_rivers_micro_e, chequers_serial_rivers_micro_c,
          chequers_serial_rivers_room_b, chequers_serial_rivers_small_b,
          chequers_serial_rivers_large_a, nicolae_shop_clearance, uniq_edmund
D:6:      layout_rooms, elyvilon_altar_3, serial_shops, shop_fountains,
          shop_fountains, kennysheep_generic_room_14
D:7:      minmay_opposing_rooms, layout_cave_pods,
          amethyst_overflow_temple_binary
D:8:      layout_basic, nicolae_overflow_crystal_walls, chei_slow_surprise
D:9:      layout_cave_pools, chequers_temple_overflow_statue_of_worship
D:10:     layout_long_grid, marbit_many_paths, serial_glass, glass_columns_b,
          glass_columns_a, glass_columns_a, glass_columns_b, glass_columns_c,
          glass_columns_a
D:11:     layout_small_grid, lair_entry_dummy, minmay_orc_entry_temple_small
Temple:   dpeg_chambers_temple
Lair:1:   layout_roguey, st_stairs_4, uniq_urug
Lair:2:   layout_cave_pods
Lair:3:   layout_regular_city, spider_nest_entry_a, grunt_megastairs_4,
          uniq_fannar
Lair:4:   layout_cave_pods, minmay_shoals_entry_lonely_mermaid,
          gammafunk_ghost_arena, lemuel_fruit_tree
Lair:5:   layout_cave_pods, minmay_slime_entry_oklob_enclosed,
          gammafunk_ghost_cemetery, minivault_26, serial_bayou_shore_a
Lair:6:   grunt_lair_end_beastmaster, layout_big_grid,
          infiniplex_staircase_pool_2, uniq_josephine, uniq_kirke

Skill      XL: |  1  2  3  4  5  6  7  8  9 10 11 12 13 14 |
---------------+-------------------------------------------+-----
Spellcasting   | 5 7 8 9 10 | 10.4
Invocations    | 1 2 5 6 7 8 9 |  9.9
Fighting       | 1 2 5 6 7 8 9 |  9.0
Short Blades   | 1 2 5 6 7 8 9 |  9.1
Long Blades    | 1 2 5 6 7 8 9 |  9.0
Axes           | 1 2 5 6 7 8 9 |  9.0
Maces & Flails | 1 2 5 6 7 8 9 |  9.0
Polearms       | 1 2 5 6 7 8 9 |  9.0
Staves         | 1 2 5 6 7 8 9 |  9.0
Slings         | 1 2 5 6 7 8 9 |  9.0
Bows           | 1 2 5 6 7 8 9 |  9.0
Crossbows      | 1 2 5 6 7 8 9 |  9.0
Throwing       | 1 2 5 6 7 8 9 |  9.0
Armour         | 1 2 5 6 7 8 9 |  9.0
Shields        | 1 2 5 6 7 8 9 |  9.0
Unarmed Combat | 1 2 5 6 7 8 9 |  9.0
Evocations     | 1 2 5 6 7 8 9 |  9.0
Conjurations   | 1 4 5 6 7 |  7.5
Hexes          | 1 4 5 6 7 |  7.5
Summonings     | 1 4 5 6 7 |  7.5
Necromancy     | 1 4 5 6 7 |  7.5
Translocations | 1 4 5 6 7 |  7.5
Transmutations | 1 4 5 6 7 |  7.5
Fire Magic     | 1 4 5 6 7 |  7.5
Air Magic      | 1 4 5 6 7 |  7.5
Earth Magic    | 1 4 5 6 7 |  7.5
Poison Magic   | 1 4 5 6 7 |  7.5
Dodging        | 5 7 8 9 10 | 10.2
Stealth        | 6 7 8 9 10 | 10.0
Ice Magic      | 8 9 10 | 10.4

Action                   |  1- 3 |  4- 6 |  7- 9 | 10-12 | 13-15 || total
-------------------------+-------+-------+-------+-------+-------++-------
Melee: Spear             |    42 |       |       |       |       ||    42
       Bite              |     5 |     4 |     2 |    43 |    29 ||    83
       Dagger            |    14 |    29 |    66 |   116 |       ||   225
       Punch             |     1 |     1 |     2 |     5 |       ||     9
       Unarmed           |       |       |       |   204 |     4 ||   208
       Double sword      |       |       |       |   158 |   258 ||   416
 Cast: Freeze            |    34 |    56 |    44 |    22 |     5 ||   161
       Frozen Ramparts   |     1 |     4 |    13 |    26 |     6 ||    50
       Ozocubu's Armour  |     1 |     3 |     9 |    21 |     6 ||    40
       Ice Form          |       |       |       |    27 |       ||    27
       Sandblast         |       |       |       |     6 |       ||     6
       Lesser Beckoning  |       |       |       |     4 |       ||     4
       Anguish           |       |       |       |       |    16 ||    16
Invok: Curse Item        |       |       |     2 |     4 |     2 ||     8
       Shatter the Chain |       |       |       |     2 |     1 ||     3
 Abil: End Transformatio |       |       |       |     1 |       ||     1
Evoke: Wand              |       |       |       |     5 |     6 ||    11
       Phantom mirror    |       |       |       |       |     1 ||     1
  Use: Potion            |       |       |     7 |     2 |     5 ||    14
       Scroll            |       |       |     8 |    13 |     4 ||    25
 Stab: Sleeping          |     6 |       |     2 |    11 |     9 ||    28
       Paralysed         |       |       |       |     2 |       ||     2
Armor: Robe              |    12 |    11 |    24 |       |       ||    47
       Skin              |       |     3 |       |    97 |    43 ||   143
       Steam dragon scal |       |       |    29 |    34 |       ||    63
       Ring mail         |       |       |       |     8 |       ||     8
       Troll leather arm |       |       |       |    29 |    61 ||    90
Dodge: Dodged            |    54 |    69 |    63 |   347 |   216 ||   749
Block: Kite shield       |       |       |       |   111 |   218 ||   329

Table legend: (Time is in decaauts)
 A = Elapsed time spent in this place.
 B = Non-inter-level travel time spent in this place.
 C = Inter-level travel time spent in this place.
 D = Time resting spent in this place.
 E = Time spent auto-exploring this place.
 F = Levels seen in this place.
 G = Mean time per level.
                   A        B        C        D        E       F      G
               +--------+--------+--------+--------+--------+-----+--------+
         Total |  19164 |  18441 |    723 |    637 |  14383 |  18 | 1064.7 |
       Dungeon |  12048 |  11589 |    459 |    501 |   9097 |  11 | 1095.3 |
        Temple |    229 |    195 |     34 |      0 |    185 |   1 |  229.0 |
          Lair |   6886 |   6657 |    229 |    136 |   5101 |   6 | 1147.7 |
               +--------+--------+--------+--------+--------+-----+--------+

Top non-repeatable levels by time:
  Lair:5: 1598 daAuts
     D:8: 1477 daAuts
  Lair:1: 1458 daAuts
     D:5: 1434 daAuts
     D:1: 1378 daAuts
  Lair:3: 1353 daAuts
    D:11: 1329 daAuts
  Lair:4: 1260 daAuts
     D:7: 1235 daAuts
  Lair:2: 1166 daAuts
     D:4: 1067 daAuts
    D:10: 1063 daAuts
     D:3: 967 daAuts
     D:9: 929 daAuts
     D:6: 602 daAuts
